 Dungeon Crawl Stone Soup version 0.30-a0-359-gd0147acb1a (webtiles) character file.

Game seed: 14118521668141004011

29 sleeves the Slasher (level 3, 15/29 HPs)
             Began as a Demonspawn Monk on Nov 12, 2022.
             Quit the game on level 2 of the Dungeon.
             The game lasted 00:00:46 (531 turns).

sleeves the Slasher (Demonspawn Monk)                Turns: 531, Time: 00:00:47

Health: 15/29      AC:  2    Str: 11    XL:     3   Next: 1%
Magic:  3/3        EV: 13    Int: 11    God:
Gold:   9          SH:  0    Dex: 17    Spells: 2/2 levels left

rFire   . . .      SeeInvis .    a - +0 falchion
rCold   . . .      Faith    .    (no shield)
rNeg    . . .      Spirit   .    b - +0 robe
rPois   .          Reflect  .    (no helmet)
rElec   .          Harm     .    (no cloak)
rCorr   .          Rampage  .    (no gloves)
Will    .....                    (no boots)
Stlth   ++........               (no amulet)
HPRegen 0.24/turn                (no ring)
MPRegen 0.08/turn                (no ring)

@: quite poisoned (15 -> 8)
A: claws 2
a: no special abilities


You were on level 2 of the Dungeon.
You visited 1 branch of the dungeon, and saw 2 of its levels.

You collected 9 gold pieces.

Inventory:

Hand Weapons
 a - a +0 falchion (weapon)
Armour
 b - a +0 robe (worn)
Scrolls
 e - a scroll of enchant weapon {unknown}
 f - a scroll of amnesia {unknown}
Potions
 c - a potion of ambrosia
 d - a potion of brilliance {unknown}
 g - 2 potions of curing {unknown}


   Skills:
 - Level 3.0 Fighting
 + Level 3.8 Long Blades
 - Level 2.6 Dodging
 - Level 1.7 Stealth


You had 2 spell levels left.
You didn't know any spells.
Your spell library was empty.

Dungeon Overview and Level Annotations

Branches:
Dungeon (2/15)

Altars:

Shops:
D:2 ?


Innate Abilities, Weirdness & Mutations

You have very sharp fingernails.


Message History

Welcome, sleeves the Demonspawn Monk.
The heart of this dungeon contains the breathtaking artefact, the Orb of Zot.
Press ? for a list of commands and other information.
Found a hand axe.
Found a staircase leading out of the dungeon.
A ball python comes into view.
A ball python is nearby!
A ball python is nearby!
Found a stone staircase leading down.
You see here a dark potion.
A dart slug comes into view.
Found 9 gold pieces.
The helpless ball python fails to defend itself.
You slash the ball python!
You kill the ball python!
No target in view!
No target in view!
No target in view!
No target in view!
No target in view!
No target in view!
A dart slug is nearby!
A dart slug comes into view.
You hit the dart slug.
The dart slug is severely wounded.
The dart slug closely misses you.
You slash the dart slug!
You kill the dart slug!
Your Long Blades skill increases to level 3!
A dart slug is nearby!
A dart slug is nearby!
A dart slug is nearby!
You hit the dart slug.
The dart slug is severely wounded.
The dart slug bites you.
You hit the dart slug.
You kill the dart slug!
No target in view!
No target in view!
No target in view!
No target in view!
No target in view!
No target in view!
No target in view!
HP restored.
You now have 9 gold pieces.
d - a dark potion You see here a +0 hand axe.
Found a stone staircase leading down.
A jackal comes into view.
A bat comes into view.
The jackal barks!
You hear a bark! x2
A jackal comes into view.
The jackal barks!
Found a whip.
The jackal closely misses you.
A jackal comes into view.
The jackal closely misses you.
You closely miss the jackal.
The jackal bites you but does no damage.
You hit the jackal.
You kill the jackal!
The bat misses you.
You have reached level 2!
Your demonic ancestry asserts itself...
Your fingernails lengthen.
You hit the jackal.
The jackal is almost dead.
The jackal barely misses you. The jackal closely misses you.
You hit the jackal but do no damage.
The jackal is almost dead.
The jackal misses you.
You slash the jackal!
You kill the jackal!
The bat closely misses you.
You hit the jackal.
The jackal is almost dead.
The jackal bites you.
You completely miss the jackal.
The jackal is almost dead.
The jackal bites you. The jackal barely misses you.
You barely miss the jackal.
The jackal is almost dead.
The jackal completely misses you. The jackal bites you.
You barely miss the jackal.
The jackal is almost dead.
The jackal bites you but does no damage.
You hit the jackal but do no damage.
The jackal is almost dead.
The jackal closely misses you. The jackal bites you.
You are too injured to fight recklessly!
You are too injured to fight recklessly!
You are too injured to fight recklessly!
You are too injured to fight recklessly!
You are too injured to fight recklessly!
You are too injured to fight recklessly!
You are too injured to fight recklessly!
You are too injured to fight recklessly!
You are too injured to fight recklessly!
You are too injured to fight recklessly!
You are too injured to fight recklessly!
You are too injured to fight recklessly!
You are too injured to fight recklessly!
You are too injured to fight recklessly!
You are too injured to fight recklessly!
You are too injured to fight recklessly!
You are too injured to fight recklessly!
You are too injured to fight recklessly!
You are too injured to fight recklessly!
You are too injured to fight recklessly!
You closely miss the jackal.
The jackal is almost dead.
A jackal comes into view.
The jackal barely misses you.
You miss the jackal.
The jackal is almost dead.
The jackal closely misses you. The jackal bites you.
* * * LOW HITPOINT WARNING * * *
You hit the jackal.
You kill the jackal!
The bat hits you.
* * * LOW HITPOINT WARNING * * *
The bat misses you.
Things that are here:
a jackal corpse; a jackal corpse The bat barely misses you.
You hit the bat.
You kill the bat!
A jackal is nearby!
A jackal is nearby!
A jackal is nearby!
Found a stone staircase leading down.
No target in view!
No target in view!
No target in view!
No target in view!
No target in view!
No target in view!
No target in view!
No target in view!
No target in view!
No target in view!
A jackal is nearby!
A jackal is nearby!
The jackal barks!
The jackal bites you. The jackal misses you.
You closely miss the jackal. The jackal bites you.
You completely miss the jackal. The jackal bites you. The jackal misses you.
You barely miss the jackal. The jackal bites you.
You completely miss the jackal. The jackal closely misses you.
The jackal barely misses you.
You closely miss the jackal. The jackal misses you.
You closely miss the jackal. The jackal barely misses you.
The jackal bites you.
You are too injured to fight recklessly!
You are too injured to fight recklessly!
You are too injured to fight recklessly!
A jackal is nearby!
A jackal is nearby!
A jackal is nearby!
You closely miss the jackal. The jackal bites you.
The jackal barely misses you.
You barely miss the jackal. The jackal closely misses you.
You hit the jackal.
The jackal is severely wounded.
The jackal barely misses you. The jackal bites you.
* * * LOW HITPOINT WARNING * * *
You closely miss the jackal.
The jackal is heavily wounded.
The jackal bites you.
* * * LOW HITPOINT WARNING * * *
The jackal closely misses you.
You hit the jackal.
The jackal is almost dead.
The jackal bites you.
* * * LOW HITPOINT WARNING * * *
You closely miss the jackal.
The jackal is almost dead.
The jackal barely misses you. x2
You barely miss the jackal.
The jackal is almost dead.
The jackal bites you.
* * * LOW HITPOINT WARNING * * *
You closely miss the jackal.
The jackal is almost dead.
The jackal closely misses you. The jackal bites you.
* * * LOW HITPOINT WARNING * * *
You barely miss the jackal.
The jackal is almost dead.
The jackal closely misses you. x2
You slash the jackal!
You kill the jackal!
You see here a jackal corpse.
There is a stone staircase leading down here.
You open the door.
There is an open door here.
A bat comes into view.
A bat is nearby!
A bat is nearby!
You barely miss the bat. The bat misses you. The bat barely misses you.
You closely miss the bat. The bat misses you.
You barely miss the bat. The bat hits you but does no damage. x2
You hit the bat but do no damage. The bat completely misses you.
You barely miss the bat. The bat misses you.
You closely miss the bat. The bat closely misses you. The bat misses you.
The bat hits you. The bat closely misses you.
You closely miss the bat. The bat hits you but does no damage.
The bat barely misses you. x2
A bat is nearby!
A bat is nearby!
You barely miss the bat. The bat hits you but does no damage.
You closely miss the bat. The bat closely misses you. The bat misses you.
You closely miss the bat. The bat hits you but does no damage.
You hit the bat.
The bat is moderately wounded.
The bat closely misses you.
You slash the bat!
You kill the bat!
No target in view!
No target in view!
No target in view!
No target in view!
No target in view!
No target in view!
No target in view!
A ball python comes into view.
Found an escape hatch in the floor.
A ball python is nearby!
A ball python is nearby!
The ball python hisses angrily.
You hear a shout!
A goblin and a hobgoblin come into view.
The hobgoblin shouts!
You hear a shout!
The goblin shouts!
A bat comes into view.
The hobgoblin hits you. The ball python closely misses you.
The ball python grabs you. The ball python constricts you.
You closely miss the ball python. The hobgoblin hits you.
The ball python bites you. The ball python constricts you.
You are too injured to fight recklessly!
You are too injured to fight recklessly!
You are too injured to fight recklessly!
You are too injured to fight recklessly!
You are too injured to fight recklessly!
You are too injured to fight recklessly!
You are too injured to fight recklessly!
You are too injured to fight recklessly!
You are too injured to fight recklessly!
You are too injured to fight recklessly!
You are too injured to fight recklessly!
There are monsters nearby!
You closely miss the hobgoblin. The ball python bites you.
* * * LOW HITPOINT WARNING * * *
The ball python constricts you.
A kobold comes into view. It is wielding a +0 short sword.
The hobgoblin barely misses you.
You hit the hobgoblin.
The hobgoblin is heavily wounded.
The bat hits you but does no damage. The ball python closely misses you.
The ball python constricts you.
* * * LOW HITPOINT WARNING * * *
The hobgoblin barely misses you. The bat hits you but does no damage.
The ball python barely misses you. The ball python constricts you.
You closely miss the hobgoblin.
The hobgoblin is heavily wounded.
A giant cockroach comes into view.
The hobgoblin hits you.
* * * LOW HITPOINT WARNING * * *
The bat hits you but does no damage.
The ball python bites you but does no damage.
The ball python constricts you.
You slash the hobgoblin!
You kill the hobgoblin!
The bat barely misses you. The ball python barely misses you.
The ball python constricts you.
* * * LOW HITPOINT WARNING * * *
You escape the ball python's grasp.
The bat barely misses you. The goblin attacks as you move away!
The goblin hits you with a +0 dagger.
* * * LOW HITPOINT WARNING * * *
The goblin attacks as you move away! The goblin hits you with a +0 dagger.
* * * LOW HITPOINT WARNING * * *
The ball python attacks as you move away!
The ball python bites you but does no damage.
The goblin attacks as you move away! The goblin hits you but does no damage.
The ball python attacks as you move away!
The ball python barely misses you. The ball python closely misses you.
The ball python bites you but does no damage.
The ball python grabs you. The ball python constricts you.
You escape the ball python's grasp.
The bat hits you but does no damage. The bat misses you. The bat misses you.
There is a stone staircase leading down here.
The bat barely misses you.
You climb downwards.
Found a scroll labelled GEP EGEEPRIKLO and a ring mail.
Found a stone staircase leading down.
There is a stone staircase leading up here.
You are too injured to fight recklessly!
There are monsters nearby!
There are monsters nearby!
You are too injured to fight recklessly!
You are too injured to fight recklessly!
You are too injured to fight recklessly!
You are too injured to fight recklessly!
The helpless giant cockroach fails to defend itself.
You hit the giant cockroach.
The giant cockroach is almost dead.
The endoplasm quivers.
The giant cockroach bites you but does no damage.
You hit the giant cockroach.
You kill the giant cockroach!
You hit the endoplasm.
The endoplasm is heavily wounded.
The endoplasm hits you.
* * * LOW HITPOINT WARNING * * *
You hit the endoplasm.
You kill the endoplasm!
HP restored.
Found 2 javelins.
e - a scroll labelled GEP EGEEPRIKLO You open the door.
Found Afylud's Magic Scroll Shop.
There is an open door here.
There is an entrance to Afylud's Magic Scroll Shop here.
You open the door.
There is an open door here.
A rat and a goblin come into view.
There are monsters nearby!
There are monsters nearby!
Found a stone staircase leading down.
The rat bites you.
You hit the rat.
You kill the rat!
The helpless goblin fails to defend itself.
You hit the goblin.
You kill the goblin!
No target in view!
No target in view!
No target in view!
No target in view!
No target in view!
No target in view!
No target in view!
No target in view!
No target in view!
No target in view!
f - a scroll labelled OQETECK MOBLAU
Found an escape hatch in the floor.
Found a stone staircase leading up.
An adder comes into view.
The adder hisses angrily.
Found a glowing purple potion.
You closely miss the adder. The adder barely misses you.
You completely miss the adder. The adder bites you but does no damage.
The adder misses you.
You miss the adder. The adder barely misses you.
You hit the adder.
The adder is heavily wounded.
The adder bites you. The adder misses you.
You hit the adder.
The adder is severely wounded.
The adder barely misses you.
You hit the adder.
You kill the adder!
You have reached level 3!
Your experience leads to an increase in your attributes!
Increase (S)trength, (I)ntelligence, or (D)exterity?
You feel agile. x2; Your demonic ancestry asserts itself...
Your fingernails sharpen.
g - a glowing purple potion
g - 2 glowing purple potions (gained 1)
Found an escape hatch in the ceiling.
An adder comes into view.
(D) Dungeon
Where to? (? - help)
Okay, then.
Found a scroll labelled SAXTUL TIST.
The adder hisses angrily.
A frilled lizard comes into view.
The frilled lizard moves out of view.
You closely miss the adder. The adder bites you.
You hit the adder but do no damage. The adder bites you.
You barely miss the adder. The adder bites you. x2
You are poisoned.
The adder poisons you!
You completely miss the adder.
You feel sick. The adder bites you.
You are more poisoned.
The adder poisons you!
You barely miss the adder.
You feel very sick. The adder bites you.
The adder bites you but does no damage.
You are too injured to fight recklessly!
You are too injured to fight recklessly!
You are too injured to fight recklessly!
You are too injured to fight recklessly!
You are too injured to fight recklessly!
You are too injured to fight recklessly!
You are too injured to fight recklessly!
You are too injured to fight recklessly!
Are you sure you want to abandon this character and quit the game? (Confirm with "yes".)
Okay, then.
Unknown command.
Unknown command.
Unknown command.
Unknown command.
Unknown command.
Unknown command.
Are you sure you want to abandon this character and quit the game? (Confirm with "yes".)

...............#
##########.#####.#
..................
.###.#<.#######.##
#...## #
#..#..#####.###
#.###.#....?... #.
#.......... #.
###@S...... #.
#........
#........
#........
#........
#........
#........
#########


You could see an adder.

Vanquished Creatures
  An adder (D:2)
  2 dart slugs (D:1)
  A ball python (D:1)
  An endoplasm (D:2)
  A giant cockroach (D:2)
  A hobgoblin (D:1)
  4 jackals (D:1)
  2 bats (D:1)
  A goblin (D:2)
  A rat (D:2)
15 creatures vanquished.

Notes
Turn   | Place    | Note
-------+----------+-------------------------------------------
     0 | D:1      | sleeves the Demonspawn Monk began the quest for the Orb.
     0 | D:1      | Reached XP level 1. HP: 18/18 MP: 1/1
    34 | D:1      | Reached skill level 3 in Long Blades
    93 | D:1      | Gained mutation: You have sharp fingernails. [demonic
                  | ancestry]
    93 | D:1      | Reached XP level 2. HP: 24/24 MP: 2/2
   102 | D:1      | HP: 12/24 [jackal (3)]
   152 | D:1      | HP: 11/24 [jackal (3)]
   157 | D:1      | HP: 7/24 [jackal (1)]
   319 | D:1      | HP: 12/24 [ball python (2)]
   327 | D:1      | HP: 6/24 [goblin/+0 dagger (4)]
   342 | D:2      | HP: 7/24 [endoplasm (1)]
   426 | D:2      | Found Afylud's Magic Scroll Shop.
   488 | D:2      | Gained mutation: You have very sharp fingernails. [demonic
                  | ancestry]
   488 | D:2      | Reached XP level 3. HP: 29/29 MP: 3/3
   531 | D:2      | Quit the game

Illustrated notes

Levels and vault maps discovered:
D:1:      wander_arrival_lonely_grave, layout_basic
D:2:      minmay_recursive_quarters, layout_rooms, serial_shops,
          nicolae_shop_hallway_plus, basic_ecumenical_altar,
          uniq_crazy_yiuf_cottage

Skill      XL: |  1 |
---------------+----+-----
Long Blades    | 3 |  3.8
Fighting       | |  3.0
Dodging        | |  2.6
Stealth        | |  1.7

Action                   || total
-------------------------++-------
Melee: Falchion          ||    69
 Stab: Sleeping          ||     3
Armor: Robe              ||    18
Dodge: Dodged            ||    61

Table legend: (Time is in decaauts)
 A = Elapsed time spent in this place.
 B = Non-inter-level travel time spent in this place.
 C = Inter-level travel time spent in this place.
 D = Time resting spent in this place.
 E = Time spent auto-exploring this place.
 F = Levels seen in this place.
 G = Mean time per level.
                   A        B        C        D        E       F      G
               +--------+--------+--------+--------+--------+-----+--------+
         Total |    539 |    539 |      0 |      0 |    377 |   2 |  269.5 |
       Dungeon |    539 |    539 |      0 |      0 |    377 |   2 |  269.5 |
               +--------+--------+--------+--------+--------+-----+--------+

Top non-repeatable levels by time:
     D:1: 343 daAuts
     D:2: 195 daAuts
